 Dungeon Crawl Stone Soup version 0.27-a0-1565-gad902ab807 (webtiles) character file.

Game seed: 16394070244612084708

778 tsouns the Sneak (level 7, -4/37 HPs)
             Began as a Spriggan Abyssal Knight on July 16, 2021.
             Was an Elder of Lugonu.
             Slain by an ogre (21 damage)
             ... on level 5 of the Dungeon.
             The game lasted 00:10:16 (6788 turns).

tsouns the Sneak (Spriggan Abyssal Knight)          Turns: 6788, Time: 00:10:17

Health: -4/37      AC:  3    Str:  8    XL:     7   Next: 54%
Magic:  10/10      EV: 19    Int: 24    God:    Lugonu [****..]
Gold:   173        SH:  0    Dex: 15    Spells: 3/6 levels left

rFire    . . .     SeeInvis +   k - +8 dagger of Komovvie {vorpal, rElec rN+ Int+3}
rCold    . . .     Faith    .   (shield restricted)
rNeg     + . .     Spirit   .   b - +0 robe
rPois    .         Reflect  .   l - +1 hat
rElec    +         Harm     .   (no cloak)
rCorr    .         Rampage  .   (gloves unavailable)
Will     ++...                  (boots unavailable)
Stlth    +++.......             (no amulet)
HPRegen  0.12/turn              e - ring of willpower
MPRegen  0.12/turn              m - +6 ring of intelligence

@: very quick
A: very small, no large weapons, unfitting armour, see invisible, speed 3
a: Renounce Religion, Depart the Abyss, Bend Space, Banish, Corrupt


You were on level 5 of the Dungeon.
You worshipped Lugonu.
Lugonu was greatly pleased with you.
You visited 1 branch of the dungeon, and saw 5 of its levels.
You visited the Abyss 1 time.
You also visited: Ossuary.

You collected 173 gold pieces.

Inventory:

Hand Weapons
 a - a +2 short sword
 g - a +0 dagger of flaming
 k - the +8 dagger of Komovvie (weapon) {vorpal, rElec rN+ Int+3}
   (You found it on level 5 of the Dungeon)

   It inflicts extra damage upon your enemies.
   Int:       It affects your intelligence (+3).
   rElec:     It insulates you from electricity.
   rN:        It protects you from negative energy.
Armour
 b - a +0 robe (worn)
 l - a +1 hat (worn)
Jewellery
 e - a ring of willpower (left hand)
 m - a +6 ring of intelligence (right hand)
Scrolls
 c - a scroll of holy word
 n - a scroll of fear
 o - 3 scrolls of identify
Potions
 d - a potion of haste
 f - 2 potions of attraction
 h - 2 potions of curing
 i - 2 potions of brilliance
 j - a potion of flight
 p - a potion of heal wounds
 q - a potion of berserk rage {unknown}


   Skills:
 + Level 3.7 Fighting
 + Level 5.1 Short Blades
 + Level 5.5 Dodging
 + Level 6.5 Stealth
 + Level 3.4 Invocations


You had 3 spell levels left.
You knew the following spells:

 Your Spells              Type           Power      Damage    Failure   Level
a - Dazzling Flash        Conj/Hex       0%         N/A       41%         3

Your spell library contained the following spells:

 Spells                   Type           Power      Damage    Failure   Level
 Foxfire                  Conj/Fire      0%         2x1d4     14%         1
 Conjure Flame            Conj/Fire      0%         6-21      41%         3
 Inner Flame              Hex/Fire       0%         N/A       41%         3
 Iskenderun's Mystic Bla  Conj/Tloc      0%         2d3       82%         4
 Starburst                Conj/Fire      0%         8x6d3     100%        6


Dungeon Overview and Level Annotations

Branches:
Dungeon (5/15)            Ossuary (visited)
 Temple: D:4-7

Altars:
Dithmenos

Annotations:
D:4 2 runed translucent doors, qborf's ghost, amateur FeEn


Innate Abilities, Weirdness & Mutations

You are very small and have problems with some larger weapons.
You are too small for most types of armour.
You have supernaturally acute eyesight. (SInv)
You cover ground extremely quickly. (Speed+++)


Message History

No target in view!
No target in view!
No target in view!
No target in view!
No target in view!
No target in view!
You see here a potion of curing.
An ogre is nearby!
An ogre is nearby!
Found a scroll of identify.
The ogre shouts!
You hit the ogre.
The ogre is moderately wounded.
The ogre hits you with a +0 giant club!!
Ouch! That really hurt!
You are too injured to fight recklessly!
You are too injured to fight recklessly!
You are too injured to fight recklessly!
You are too injured to fight recklessly!
You are too injured to fight recklessly!
You are too injured to fight recklessly!
You are too injured to fight recklessly!
You are too injured to fight recklessly!
You are too injured to fight recklessly!
You are too injured to fight recklessly!
You are too injured to fight recklessly!
You are too injured to fight recklessly!
You are too injured to fight recklessly!
You hit the ogre.
The ogre is heavily wounded.
The ogre completely misses you.
You barely miss the ogre.
The ogre is heavily wounded.
An iguana comes into view.
The iguana hisses angrily.
You puncture the ogre!
The ogre is almost dead.
The ogre hits you with a +0 giant club!!
Ouch! That really hurt!
You die...

#########
........##
l?....O..#
#@.# ##.#
#.# #!#
#.## #.#.
#..# #.#.#
#..# #.8'8
#..# #....
##..#


You could see an ogre and an iguana.

Vanquished Creatures
  An ogre (D:5)
  Blork the orc (D:5)
  2 elf zombies (Ossuary)
  A water moccasin skeleton (D:4)
  A howler monkey (D:3)
  2 human zombies (Ossuary)
  A hound (D:4)
  A jelly (D:4)
  An iguana (D:5)
  Natasha (thrice) (D:3)
  2 hound skeletons
  2 mummies (Ossuary)
  3 adders
  2 adder zombies (Ossuary)
  4 worms
  3 dart slugs
  6 orcs
  5 ball pythons
  6 endoplasms
  A giant cockroach (D:1)
  2 goblins
  4 hobgoblins
  3 jackals (D:2)
  2 quokkas
  7 bats
  2 frilled lizards
  5 goblin zombies
  13 hobgoblin zombies (Ossuary)
  2 jackal zombies (Ossuary)
  12 kobolds
  4 kobold zombies (Ossuary)
  8 orc zombies (Ossuary)
  6 rats
  A rat zombie (Ossuary)
119 creatures vanquished.

Notes
Turn   | Place    | Note
-------+----------+-------------------------------------------
     0 | Abyss:1  | tsouns the Spriggan Abyssal Knight began the quest for the
                  | Orb.
     0 | Abyss:1  | Reached XP level 1. HP: 11/11 MP: 3/3
    38 | D:1      | Escaped the Abyss
   482 | D:1      | Reached skill level 1 in Stealth
   581 | D:1      | Reached XP level 2. HP: 16/16 MP: 4/4
  1269 | D:2      | Reached skill level 2 in Stealth
  1362 | D:2      | Reached ** piety under Lugonu
  1388 | D:2      | Reached XP level 3. HP: 3/19 MP: 5/5
  2846 | D:2      | Reached skill level 3 in Stealth
  3003 | D:2      | Reached XP level 4. HP: 18/23 MP: 7/7
  3354 | D:3      | Noticed Natasha
  3582 | D:3      | Killed Natasha
  3778 | D:3      | Found a faded altar of an unknown god.
  3800 | D:3      | Learned a level 3 spell: Dazzling Flash
  3802 | D:3      | Noticed Natasha
  3818 | D:3      | Killed Natasha
  3819 | D:3      | Reached skill level 4 in Stealth
  3929 | D:3      | Found a shadowy altar of Dithmenos.
  4025 | D:3      | Reached XP level 5. HP: 15/27 MP: 8/8
  4069 | D:3      | Noticed Natasha
  4129 | D:3      | Killed Natasha
  4425 | D:4      | Found a large runed translucent door.
  4426 | D:4      | Found a large runed translucent door.
  4427 | D:4      | Noticed qborf's ghost (amateur FeEn)
  4554 | D:4      | Reached skill level 5 in Stealth
  4554 | D:4      | Reached XP level 6. HP: 13/32 MP: 9/9
  5086 | D:4      | Found a sand-covered staircase.
  5102 | D:4      | Reached *** piety under Lugonu
  5106 | Ossuary  | Entered an ossuary
  5405 | Ossuary  | Reached skill level 5 in Dodging
  5405 | Ossuary  | Reached skill level 6 in Stealth
  5405 | Ossuary  | Reached XP level 7. HP: 29/36 MP: 10/10
  5551 | Ossuary  | Reached **** piety under Lugonu
  6052 | D:5      | Entered Level 5 of the Dungeon
  6251 | D:5      | Noticed Blork the orc
  6260 | D:5      | Identified the +8 dagger of Komovvie {vorpal, rElec rN+
                  | Int+3}
  6280 | D:5      | Killed Blork the orc
  6281 | D:5      | Reached skill level 5 in Short Blades
  6788 | D:5      | Slain by an ogre

Illustrated notes

Levels and vault maps discovered:
D:1:      dpeg_arrival_radiant, layout_loops_ring, ebering_dispersal_statue_hall
D:2:      minmay_razor_zed, layout_loops_ring
D:3:      layout_rooms, mainiacjoe_overflow_catwalk,
          shapermc_ecumenical_altar_mp_ritualfount,
          chequers_serial_rivers_room_b, uniq_natasha
D:4:      layout_loops_corners, ebering_ghost_disaster_area, enter_ossuary_4,
          hangedman_abyss_or_decor_stagger
D:5:      minmay_diamond_boxcup, layout_rooms, jmf_multi_god_temple2,
          uniq_menkaure, uniq_crazy_yiuf_cottage, uniq_blork_the_orc

Skill      XL: |  1  2  3  4  5  6  7 |
---------------+----------------------+-----
Invocations    | 2 3 |  3.4
Stealth        | 1 2 3 4 5 6 |  6.5
Short Blades   | 3 4 5 |  5.1
Dodging        | 4 5 |  5.5
Fighting       | 3 |  3.7

Action                   |  1- 3 |  4- 6 |  7- 9 || total
-------------------------+-------+-------+-------++-------
Melee: Short sword       |   151 |   319 |    53 ||   523
       Dagger            |       |       |    33 ||    33
  Use: Scroll            |     5 |     6 |     1 ||    12
       Potion            |       |     9 |     1 ||    10
 Stab: Sleeping          |    10 |    12 |     5 ||    27
       Distracted        |     1 |       |       ||     1
       Invisible         |       |     5 |       ||     5
Armor: Robe              |    13 |    23 |     5 ||    41
       Skin              |       |    27 |     4 ||    31
Dodge: Dodged            |   125 |   178 |    41 ||   344

Table legend: (Time is in decaauts)
 A = Elapsed time spent in this place.
 B = Non-inter-level travel time spent in this place.
 C = Inter-level travel time spent in this place.
 D = Time resting spent in this place.
 E = Time spent auto-exploring this place.
 F = Levels seen in this place.
 G = Mean time per level.
                   A        B        C        D        E       F      G
               +--------+--------+--------+--------+--------+-----+--------+
         Total |   5343 |   5147 |    196 |      0 |   4133 |   7 |  763.3 |
       Dungeon |   4937 |   4741 |    196 |      0 |   3983 |   5 |  987.4 |
         Abyss |     23 |     23 |      0 |      0 |      8 |   1 |   23.0 |
       Ossuary |    383 |    383 |      0 |      0 |    141 |   1 |  383.0 |
               +--------+--------+--------+--------+--------+-----+--------+

Top non-repeatable levels by time:
     D:2: 1481 daAuts
     D:1: 1392 daAuts
     D:4: 1174 daAuts
     D:3: 612 daAuts
 Ossuary: 383 daAuts
     D:5: 277 daAuts
 Abyss:1: 23 daAuts
